 Dungeon Crawl Stone Soup version 0.29.1-15-g9cfb28693d (webtiles) character file.

Game seed: 595243753403674522

11407 growler the Destroyer (level 11, -2/64 HPs)
             Began as a Deep Elf Conjurer on Mar 12, 2023.
             Was an Elder of Vehumet.
             Killed from afar by a guardian serpent (6 damage)
             ... with a bolt of poison
             ... on level 1 of the Abyss.
             The game lasted 00:41:09 (15033 turns).

growler the Destroyer (Deep Elf Conjurer)          Turns: 15033, Time: 00:41:10

Health: -2/64      AC:  7    Str:  4    XL:     11   Next: 48%
Magic:  10/27      EV: 12    Int: 28    God:    Vehumet [****..]
Gold:   628        SH:  0    Dex: 16    Spells: 11/30 levels left

rFire   . . .      SeeInvis .   K - -2 demon whip (venom)
rCold   + . .      Faith    .   (no shield)
rNeg    . . .      Spirit   .   P - +0 steam dragon scales
rPois   +          Reflect  .   C - +0 helmet
rElec   .          Harm     .   (no cloak)
rCorr   .          Rampage  .   (no gloves)
Will    +....                   Q - +0 pair of boots
Stlth   +++.......              (no amulet)
HPRegen 0.20/turn               l - ring of protection from cold
MPRegen 0.20/turn               x - ring "Ruyl" {rPois Dex+3}

@: lethally poisoned (-2 -> -19), slowed, very slow
A: no striking features
a: Renounce Religion


You were on level 1 of the Abyss.
You worshipped Vehumet.
Vehumet was greatly pleased with you.
You visited 2 branches of the dungeon, and saw 12 of its levels.
You visited the Abyss 1 time.

You collected 628 gold pieces.

Inventory:

Hand Weapons
 K - a -2 demon whip of venom (weapon)
Missiles
 J - a throwing net
Armour
 a - a +1 robe
 C - a +0 helmet (worn)
 P - +0 steam dragon scales (worn)
 Q - a +0 pair of boots (worn)
Jewellery
 l - a ring of protection from cold (left hand)
 w - a ring of poison resistance
 x - the ring "Ruyl" (right hand) {rPois Dex+3}
   (You took it off a centaur on level 5 of the Dungeon)

   [ring of poison resistance]

   Dex:       It affects your dexterity (+3).
   rPois:     It protects you from poison.
 M - an amulet of guardian spirit
 O - a ring of flight
 R - a ring of protection from fire
Wands
 y - a wand of mindburst (20)
 F - a wand of charming (13)
 H - a wand of flame (31)
Scrolls
 c - 3 scrolls of fear {unknown}
 d - 3 scrolls of immolation
 i - a scroll of magic mapping
 j - 3 scrolls of teleportation
 k - 2 scrolls of torment
 m - a scroll of enchant armour
 o - 2 scrolls of summoning {unknown}
 q - a scroll of fog {unknown}
 r - 2 scrolls of blinking {unknown}
 s - a scroll of noise
 A - a scroll of silence {unknown}
 B - a scroll of poison
 D - a scroll of amnesia {unknown}
 E - 2 scrolls of enchant weapon
 I - 2 scrolls of vulnerability
 N - a scroll of identify
Potions
 b - 3 potions of magic
 e - 5 potions of curing
 f - 2 potions of ambrosia {unknown}
 g - 7 potions of heal wounds {unknown}
 h - a potion of degeneration {unknown}
 n - 2 potions of flight {unknown}
 p - a potion of brilliance
 t - 2 potions of cancellation {unknown}
 u - 2 potions of berserk rage {unknown}
 v - a potion of attraction
 z - 2 potions of haste
 G - 2 potions of mutation {unknown}
 L - a potion of might
 S - a potion of invisibility {unknown}
 T - 2 potions of lignification {unknown}


   Skills:
 + Level 6.3 Fighting
 - Level 2.4 Dodging
 + Level 3.6 Stealth
 - Level 10.0 Spellcasting
 - Level 14.2 Conjurations
 - Level 5.0 Hexes
 - Level 5.0 Translocations
 - Level 5.2 Air Magic


You had 11 spell levels left.
You knew the following spells:

 Your Spells              Type           Power      Damage    Failure   Level
a - Magic Dart            Conj           100%       1d8       0%          1
b - Searing Ray           Conj           100%       2d8       0%          2
c - Dazzling Flash        Conj/Hex       100%       N/A       1%          3
d - Fulminant Prism       Conj/Hex       30%        3d16      1%          4
e - Iskenderun's Mystic   Conj/Tloc      61%        2d13      1%          4
f - Freezing Cloud        Conj/Ice/Air   25%        6-21      2%          5

Your spell library contained the following spells:

 Spells                   Type           Power      Damage    Failure   Level
 Conjure Flame            Conj/Fire      52%        6-21      1%          3
 Apportation              Tloc           84%        N/A       1%          1
 Static Discharge         Conj/Air       62%        3-11/arc  1%          2
 Mephitic Cloud           Conj/Pois/Air  50%        N/A       1%          3
 Stone Arrow              Conj/Erth      100%       3d13      1%          3
 Tukima's Dance           Hex            42%        N/A       1%          3
 Airstrike                Air            21%        2d(4-20)  1%          4
 Lightning Bolt           Conj/Air       31%        1d48      1%          5
 Ignite Poison            Fire/Tmut/Pois 14%        N/A       3%          3
 Passage of Golubria      Tloc           42%        N/A       4%          4
 Starburst                Conj/Fire      26%        6d8       9%          6
 Yara's Violent Unravell  Hex/Tmut       14%        3d7       11%         5
 Summon Lightning Spire   Summ/Air       28%        N/A       14%         4
 Silence                  Hex/Air        21%        N/A       14%         5
 Animate Armour           Summ/Erth      28%        N/A       36%         4
 Alistair's Intoxication  Tmut/Pois      9%         N/A       73%         5
 Lehudib's Crystal Spear  Conj/Erth      26%        10d7      96%         8
 Maxwell's Capacitive Co  Air            21%        ∞         99%         8


Dungeon Overview and Level Annotations

Branches:
Dungeon (11/15)            Temple (1/1) D:4            Lair (0/5) D:10
    Orc (0/2) D:9

Altars:
Dithmenos
Hepliaklqana
Kikubaaqudgha
Makhleb
Nemelex Xobeh
Okawaru
Qazlal
Trog
Vehumet
Wu Jian
Zin
The Shining One

Annotations:
D:11 3 runed translucent doors, Erolcha; Seidenschwarz's ghost, journeyman MiFi


Message History

The spriggan defender zombie attacks as you move away!
The spriggan defender zombie barely misses you.
The spriggan defender zombie hits you.
* * * LOW HITPOINT WARNING * * *
Unknown command.
Casting: Iskenderun's Mystic Blast (safe; 1% risk of failure)
Confirm with . or Enter, or press ? or * to list all spells.
You erupt in a blast of force!
The mystic blast hits the spriggan defender zombie.
The spriggan defender zombie is severely damaged.
The spriggan defender zombie is knocked back by the mystic blast.
The spriggan defender zombie slams into the rock wall!
The spriggan defender zombie is severely damaged.
You hear a shout! x2
A naga comes into view. It is wielding a +0 mace.
Casting: Iskenderun's Mystic Blast (safe; 1% risk of failure)
Confirm with . or Enter, or press ? or * to list all spells.
You erupt in a blast of force!
The mystic blast hits the spriggan defender zombie!
The spriggan defender zombie is almost destroyed.
The spriggan defender zombie is knocked back by the mystic blast.
The spriggan defender zombie slams into the rock wall!
The spriggan defender zombie is almost destroyed.
The spriggan defender zombie barely misses you.
Casting: Iskenderun's Mystic Blast (safe; 1% risk of failure)
Confirm with . or Enter, or press ? or * to list all spells.
You erupt in a blast of force!
The mystic blast hits the spriggan defender zombie!
You destroy the spriggan defender zombie!
Vehumet accepts your kill.
You feel your power returning.
You hear a shout!
The guardian serpent coils itself and waves its upper body at you.
You feel yourself slow down.
Your Stealth skill increases to level 3!
The guardian serpent casts a spell at you.
The bolt of poison hits you.
You are lethally poisoned!
You resist.
You die...

#..# #.#. ... . #..## #
. # ...###.######.#.
#..... .# .>#. ###...#
##.##.## #
#...@####..#...#.
#.#####.#.#...##....##
#......#. ..## #.#.. ##
#.#.####S.##....#.###5.#
#....#...# #. #. #.
#....#..#...##.##Z..
.S####.#....## ##....
.N#...... ###.. ## .. .
.#.#.. .###...# .


You could see a guardian serpent.

Vanquished Creatures
  A spriggan zombie (Abyss:1)
  Amaemon (D:9)
  An orange demon (D:9)
  Psyche (D:8)
  A troll (D:10)
  A slime creature (D:9)
  Sigmund (D:2)
  2 shadows
  2 wraiths
  21 yaks
  2 wyverns (D:9)
  2 steam dragons
  2 vampire mosquitoes
  3 acid dragons
  5 water moccasins
  Duvessa (D:6)
  3 orc warriors
  2 ice beasts (D:5)
  2 sky beasts
  A black bear (D:6)
  5 centaurs
  3 ogres
  7 bullfrogs
  4 scorpions
  2 gnoll sergeants
  10 killer bees
  Dowan (D:6)
  8 howler monkeys
  6 hounds
  5 orc priests
  A gnoll bouda (D:9)
  Jessica (D:3)
  4 orc wizards
  2 iguanas
  13 gnolls
  10 adders
  A shadow imp (D:7)
  An ufetubus (D:5)
  3 worms
  3 dart slugs
  25 orcs
  5 endoplasms
  3 goblins
  5 hobgoblins
  5 quokkas
  10 ball pythons
  4 bats
  3 frilled lizards
  5 kobolds
  5 rats
215 creatures vanquished.

Vanquished Creatures (others)
  72 fulminant prisms
  31 fungi (D:10)
  19 plants (D:10)
122 creatures vanquished.

Grand Total: 337 creatures vanquished

Notes
Turn   | Place    | Note
-------+----------+-------------------------------------------
     0 | D:1      | growler the Deep Elf Conjurer began the quest for the Orb.
     0 | D:1      | Reached XP level 1. HP: 10/10 MP: 6/6
    34 | D:1      | Found a faded altar of an unknown god.
   501 | D:1      | Reached XP level 2. HP: 15/15 MP: 6/8
   504 | D:1      | Learned a level 2 spell: Searing Ray
  1443 | D:2      | Found a glowing golden altar of the Shining One.
  1530 | D:2      | Noticed Sigmund
  1885 | D:3      | Reached skill level 5 in Conjurations
  1885 | D:3      | Reached XP level 3. HP: 11/19 MP: 0/10
  2100 | D:3      | Reached XP level 4. HP: 24/24 MP: 5/12
  2104 | D:3      | Learned a level 3 spell: Dazzling Flash
  2109 | D:3      | Learned a level 4 spell: Fulminant Prism
  2441 | D:3      | Found a burning altar of Makhleb.
  2934 | D:3      | Noticed Jessica
  2937 | D:3      | Killed Jessica
  2938 | D:3      | Reached skill level 5 in Spellcasting
  3059 | D:4      | Found a staircase to the Ecumenical Temple.
  3086 | Temple   | Entered the Ecumenical Temple
  3139 | Temple   | Became a worshipper of Vehumet
  3366 | D:4      | Reached XP level 5. HP: 28/28 MP: 11/14
  3371 | D:4      | Learned a level 4 spell: Iskenderun's Mystic Blast
  3507 | D:4      | Found a shadowy altar of Dithmenos.
  3762 | D:4      | Reached skill level 6 in Conjurations
  4034 | D:4      | Noticed an ogre
  4041 | D:4      | Killed an ogre
  4053 | D:4      | Reached XP level 6. HP: 32/32 MP: 7/17
  4328 | D:5      | Entered Level 5 of the Dungeon
  4484 | D:2      | Killed Sigmund
  4485 | D:2      | Reached skill level 7 in Conjurations
  4709 | D:5      | Noticed a water moccasin
  4716 | D:4      | Reached XP level 7. HP: 6/36 MP: 10/19
  5044 | D:5      | Reached skill level 8 in Conjurations
  5551 | D:5      | Reached skill level 9 in Conjurations
  5686 | D:5      | Identified the ring "Ruyl" {rPois Dex+3}
  5955 | D:5      | Reached XP level 8. HP: 41/41 MP: 10/20
  6197 | D:5      | Reached skill level 10 in Conjurations
  6502 | D:6      | Noticed Duvessa
  6503 | D:6      | Noticed Dowan
  6592 | D:6      | Killed Dowan
  6812 | D:6      | Reached * piety under Vehumet
  6812 | D:6      | Offered knowledge of Sandblast by Vehumet.
  6857 | D:6      | Reached skill level 11 in Conjurations
  7117 | D:6      | Found a glowing silver altar of Zin.
  7658 | D:6      | Found an ancient bone altar of Kikubaaqudgha.
  7876 | D:6      | Killed Duvessa
  8098 | D:6      | Reached skill level 12 in Conjurations
  8201 | D:7      | Reached skill level 1 in Hexes
  8208 | D:7      | Reached skill level 1 in Fighting
  8213 | D:7      | Reached XP level 9. HP: 47/47 MP: 2/21
  8751 | D:7      | Found an iron altar of Okawaru.
  8751 | D:7      | Found an ornate altar of the Wu Jian Council.
  9068 | D:7      | Identified the +1 scale mail of Impressiveness {rElec Will+
                  | Int+2}
  9568 | D:8      | You fall into a shaft and drop 1 floor!
  9708 | D:8      | Noticed Psyche
  9711 | D:8      | Reached ** piety under Vehumet
  9711 | D:8      | Offered knowledge of Shock by Vehumet.
  9714 | D:8      | Killed Psyche
  9793 | D:8      | Reached skill level 5 in Hexes
 10090 | D:8      | Reached skill level 1 in Translocations
 10241 | D:8      | Found a hazy altar of Hepliaklqana.
 10243 | D:8      | Identified the +10 sling of the Sea {freeze, rF+ Str+4
                  | Dex+4}
 10501 | D:8      | Learned a level 5 spell: Freezing Cloud
 10710 | D:8      | Found a stormy altar of Qazlal.
 10799 | D:9      | Reached skill level 13 in Conjurations
 11046 | D:9      | Reached skill level 1 in Air Magic
 11056 | D:9      | Reached XP level 10. HP: 24/56 MP: 6/22
 11409 | D:9      | Noticed Amaemon
 11412 | D:9      | Noticed an orange demon
 11419 | D:9      | Killed Amaemon
 11422 | D:9      | Killed an orange demon
 11585 | D:9      | Offered knowledge of Scorch by Vehumet.
 11716 | D:9      | Found a staircase to the Orcish Mines.
 12075 | D:9      | Reached *** piety under Vehumet
 12076 | D:9      | Reached skill level 5 in Fighting
 12427 | D:9      | Found a sparkling altar of Nemelex Xobeh.
 12945 | D:9      | Found a bloodstained altar of Trog.
 13019 | D:10     | Entered Level 10 of the Dungeon
 13196 | D:9      | Reached skill level 5 in Translocations
 13376 | D:10     | Offered knowledge of Flame Wave by Vehumet.
 13377 | D:10     | Reached XP level 11. HP: 64/64 MP: 8/26
 13863 | D:10     | Found a staircase to the Lair.
 14198 | D:11     | Reached skill level 14 in Conjurations
 14411 | D:11     | Noticed a yaktaur captain
 14419 | D:11     | Found a runed translucent gate.
 14419 | D:11     | Found a runed translucent gate.
 14420 | D:11     | Noticed a white ugly thing
 14421 | D:11     | Noticed Seidenschwarz's ghost (journeyman MiFi)
 14428 | D:11     | Found a runed translucent gate.
 14447 | D:11     | Reached **** piety under Vehumet
 14450 | D:11     | Noticed Erolcha
 14452 | D:11     | Reached skill level 5 in Air Magic
 14927 | D:11     | Offered knowledge of Conjure Flame by Vehumet.
 14928 | D:11     | Reached skill level 10 in Spellcasting
 14948 | Abyss:1  | Cast into level 1 of the Abyss (Erolcha)
 15024 | Abyss:1  | HP: 3/64 [spriggan defender zombie (4)]
 15033 | Abyss:1  | Killed from afar by a guardian serpent

Illustrated notes

Levels and vault maps discovered:
D:1:      minmay_arrival_loop, layout_loops_corners,
          ebering_ecumenical_altar_sacrificial, kennysheep_minor_cross
D:2:      layout_rooms, basic_altar, chequers_serial_rivers_micro_c,
          uniq_sigmund
D:3:      layout_loops_corners, amcnicky_altar_gilded, uniq_jessica
D:4:      layout_loops_corners, mainiacjoe_overflow_small_starburst,
          temple_pool_b
D:5:      layout_cave_pods, grunt_decor_mini_mirrors
D:6:      layout_cave_pools, mainiacjoe_overflow_paths,
          mainiacjoe_overflow_boulevard, uniq_duvessa
D:7:      layout_basic, gammafunk_temple_overflow_wave
D:8:      layout_basic, general_overflow_altar,
          mainiacjoe_overflow_concentric_impassable, uniq_psyche
D:9:      layout_loops_cross, trog_hazing_becter, orc_0_dummy,
          minmay_ruined_shrine, uniq_amaemon
D:10:     layout_cave_pools, due_lair_maze_entry_diamond
D:11:     layout_roguey, gammafunk_ghost_split, wad_dig_loot, uniq_erolcha
Temple:   nicolae_temple_figure_eight
Abyss:1:  base:
D:5

Skill      XL: |  1  2  3  4  5  6  7  8  9 10 11 |
---------------+----------------------------------+-----
Spellcasting   | 4 5 6 7 9 10 | 10.0
Conjurations   | 5 6 7 9 12 13 14 | 14.2
Hexes          | 1 5 |  5.0
Fighting       | 1 4 5 6 |  6.3
Translocations | 2 5 |  5.0
Air Magic      | 1 4 5 |  5.2
Stealth        | 3 |  3.6
Dodging        | |  2.4

Action                   |  1- 3 |  4- 6 |  7- 9 | 10-12 || total
-------------------------+-------+-------+-------+-------++-------
Melee: Demon whip        |       |       |       |    23 ||    23
 Cast: Magic Dart        |    51 |    61 |   156 |   102 ||   370
       Searing Ray       |     1 |     3 |    18 |    20 ||    42
       Fulminant Prism   |       |     6 |    43 |    23 ||    72
       Iskenderun's Myst |       |       |    10 |    34 ||    44
       Freezing Cloud    |       |       |       |     3 ||     3
  Use: Scroll            |       |       |    10 |     3 ||    13
       Potion            |       |       |     1 |     2 ||     3
Armor: Robe              |       |     3 |     3 |     5 ||    11
       Steam dragon scal |       |       |       |     3 ||     3
Dodge: Dodged            |     2 |     4 |    46 |    33 ||    85
